 Dungeon Crawl Stone Soup version 0.30-a0-329-g85436e0a43 (webtiles) character file.

Game seed: 3534168247949841478

23009 KennySheep the Destroyer (level 12, -6/95 HPs)
             Began as a Demigod Conjurer on Oct 28, 2022.
             Shot with an arrow by a centaur warrior (14 damage)
             ... on level 13 of the Dungeon on Oct 29, 2022.
             The game lasted 01:00:08 (15001 turns).

KennySheep the Destroyer (Demigod Conjurer)        Turns: 15001, Time: 01:00:08

Health: -6/95      AC:  8    Str:  6    XL:     12   Next: 35%
Magic:  22/46      EV: 14    Int: 36    God:
Gold:   861        SH:  5    Dex: 12    Spells: 5/26 levels left

rFire   + . .      SeeInvis .    a - staff of cold
rCold   + + .      Faith    .    S - orb {light}
rNeg    . . .      Spirit   .    Q - +2 robe {Archmagi}
rPois   .          Reflect  +    s - +0 helmet
rElec   .          Harm     .    u - scarf {rC+ rF+}
rCorr   .          Rampage  .    P - +2 pair of gloves
Will    +....      Archmagi +    (no boots)
Stlth   +.........               G - amulet of reflection
HPRegen 0.35/turn                g - ring of magical power
MPRegen 0.30/turn                F - ring of magical power

@: glowing
A: high MP 1, forlorn, divine attributes, talons 1, weak 1
a: no special abilities


You were on level 13 of the Dungeon.
You visited 2 branches of the dungeon, and saw 14 of its levels.
You also visited: Sewer.

You collected 1376 gold pieces.
You spent 515 gold pieces at shops.

Inventory:

Hand Weapons
 l - a +2 quick blade of protection
 w - a +4 dagger of speed
Armour
 s - a +0 helmet (worn)
 u - a scarf of resistance (worn)
 P - a +2 pair of gloves (worn)
 Q - a +2 robe of the Archmagi (worn)
 S - an orb of light (worn)
Magical Staves
 a - a staff of cold (weapon)
Jewellery
 g - a ring of magical power (left hand)
 o - a +4 ring of slaying
 A - a ring of see invisible
 B - a +6 ring of dexterity
 F - a ring of magical power (right hand)
 G - an amulet of reflection (around neck)
 K - a ring of magical power
 U - an amulet of regeneration
 W - the amulet of Vitality {RegenMP++ Regen++}
   (You found it on level 13 of the Dungeon)

   [amulet of magic regeneration]

   It increases your rate of magic regeneration.
   Regen:     It increases your rate of health regeneration.
Wands
 r - a wand of flame (27)
 M - a wand of digging (3)
 N - a wand of charming (17)
Scrolls
 e - 8 scrolls of teleportation
 f - 2 scrolls of vulnerability
 j - 2 scrolls of immolation
 k - 5 scrolls of fog
 n - 2 scrolls of poison
 p - 2 scrolls of torment
 t - a scroll of summoning
 y - a scroll of noise
 C - a scroll of enchant armour
 D - 2 scrolls of silence
 E - 2 scrolls of amnesia
 H - 2 scrolls of identify
 I - 2 scrolls of magic mapping
 R - a scroll of enchant weapon
Potions
 b - 3 potions of heal wounds
 c - a potion of brilliance
 d - 4 potions of berserk rage
 h - 6 potions of curing
 i - 3 potions of attraction
 m - 2 potions of mutation
 q - 2 potions of lignification
 v - 3 potions of degeneration
 x - 2 potions of might
 z - a potion of haste
 J - a potion of magic
 L - a potion of resistance
 O - 2 potions of flight
 T - a potion of invisibility
 V - a potion of experience {unknown}


   Skills:
 + Level 5.8 Fighting
 - Level 3.7 Short Blades
 + Level 2.6 Staves
 + Level 5.9 Dodging
 - Level 1.7 Stealth
 + Level 7.8 Spellcasting
 - Level 8.0 Conjurations
 - Level 8.0 Translocations
 * Level 6.8 Ice Magic
 - Level 8.0 Air Magic
 + Level 2.6 Evocations


You had 5 spell levels left.
You knew the following spells:

 Your Spells              Type           Power      Damage    Failure   Level
a - Magic Dart            Conj           100%       1d8       1%          1
b - Searing Ray           Conj           100%       2d8       1%          2
c - Iskenderun's Mystic   Conj/Tloc      82%        2d16      1%          4
d - Vhi's Electric Charg  Tloc/Air       100%       N/A       1%          3
e - Lightning Bolt        Conj/Air       41%        1d60      3%          5
f - Ozocubu's Armour      Ice            97%        N/A       1%          3
g - Hailstorm             Conj/Ice       100%       3d20      1%          3

Your spell library contained the following spells:

 Spells                   Type           Power      Damage    Failure   Level
 Foxfire                  Conj/Fire      100%       2x1d9     1%          1
 Cigotuvi's Dreadful Rot  Necr/Pois/Air  98%        N/A       1%          2
 Poisonous Vapours        Pois/Air       100%       N/A       1%          2
 Static Discharge         Conj/Air       100%       2-7/arc   1%          2
 Dazzling Flash           Conj/Hex       100%       N/A       1%          3
 Mephitic Cloud           Conj/Pois/Air  68%        N/A       1%          3
 Necrotise                Necr           84%        1d8       3%          1
 Arcjolt                  Conj/Air       41%        1d51      3%          5
 Call Imp                 Summ           21%        N/A       4%          2
 Flame Wave               Conj/Fire      59%        2d14      5%          4
 Fulminant Prism          Conj/Hex       29%        3d14      5%          4
 Sticky Flame             Conj/Fire      59%        2d7       5%          4
 Ice Form                 Ice/Tmut       72%        N/A       7%          4
 Inner Flame              Hex/Fire       21%        N/A       9%          3
 Vampiric Draining        Necr           21%        2d7       9%          3
 Fireball                 Conj/Fire      29%        3d13      16%         5
 Cause Fear               Hex            10%        N/A       28%         4
 Agony                    Necr           21%        N/A       63%         5
 Starburst                Conj/Fire      29%        6d9       65%         6
 Simulacrum               Ice/Necr       36%        N/A       73%         6
 Ozocubu's Refrigeration  Ice            48%        4d18      83%         7
 Discord                  Hex            10%        N/A       100%        8


Dungeon Overview and Level Annotations

Branches:
Dungeon (13/15)            Temple (0/1) D:4            Lair (1/5) D:9
    Orc (0/2) D:12          Sewer (visited)
 Vaults: D:13-14

Shops:
D:5 (?*==   D:8 *

Annotations:
D:9 exclusion: upstairs


Innate Abilities, Weirdness & Mutations

You have an increased reservoir of magic. (+10% MP)
You shall have no god before yourself.
Your divine heritage dramatically boosts your attributes as you level up.
You have sharp toenails.
You are weak. (Str -2)


Message History

The centaur warrior hits you!
The centaur warrior kicks you but does no damage.
Casting: Iskenderun's Mystic Blast (mildly dangerous; 1% risk of failure)
Confirm with . or Enter, or press ? or * to list all spells.
You feel a surge of power!
You erupt in a blast of force!
The mystic blast hits the polar bear!
You kill the polar bear!
The polar bear's shape twists and changes as it dies.
The mystic blast hits the centaur warrior!
The centaur warrior is heavily wounded.
The centaur warrior is knocked back by the mystic blast.
The centaur warrior wields a +0 longbow.
The centaur warrior shoots an arrow.
The arrow hits you!
The centaur warrior shoots an arrow.
The arrow hits you!!
The centaur warrior shoots an arrow.
The arrow barely misses you.
Things that are here:
a +0 troll leather armour; a troll corpse
Casting: Iskenderun's Mystic Blast (mildly dangerous; 1% risk of failure)
Confirm with . or Enter, or press ? or * to list all spells.
You feel a surge of power!
You erupt in a blast of force!
The mystic blast hits the centaur warrior!
The centaur warrior is severely wounded.
The centaur warrior is knocked back by the mystic blast.
The centaur warrior shoots an arrow.
The arrow barely misses you.
The centaur warrior shoots an arrow.
The arrow closely misses you.
You see here a shapeshifter corpse.
Casting: Iskenderun's Mystic Blast (mildly dangerous; 1% risk of failure)
Confirm with . or Enter, or press ? or * to list all spells.
You feel a surge of power!
You erupt in a blast of force!
The mystic blast hits the centaur warrior!
The centaur warrior is almost dead.
The centaur warrior is knocked back by the mystic blast.
The centaur warrior shoots an arrow.
The arrow hits you but does no damage.
The centaur warrior shoots an arrow.
The arrow hits you.
The centaur warrior shoots an arrow.
The arrow hits you!!
* * * LOW HITPOINT WARNING * * *
The centaur warrior shoots an arrow.
The arrow hits you!
* * * LOW HITPOINT WARNING * * *
The centaur warrior shoots an arrow.
The arrow hits you!
You die...

### ..# #.# #
#.#.# ##
##.#.##### #.
.c.......
#..##.#......
#..#.@.......
#............ #
##.#......... C
#.#.†....... .~
#...[#.##... ..
#.#####.#.# ##
#. #.......#.#
#.
#####.#.#+#####.
. #.#..^......
##


You could see a centaur warrior.

Vanquished Creatures
  4 two-headed ogres
  3 boulder beetles
  Nergalle (D:11)
  Lodul (D:13)
  Pikel (D:4)
  An ugly thing (D:12)
  2 manticores
  3 cyclopes (D:13)
  2 gargoyles
  A black mamba (Lair:1)
  Psyche (D:10)
  2 cane toads (Lair:1)
  A komodo dragon (Lair:1)
  2 trolls
  A queen bee (shapeshifter) (D:13)
  A polar bear (shapeshifter) (D:13)
  11 slime creatures
  2 hornets
  3 shadows
  2 wyverns
  Eustachio (D:6)
  Grum (D:10)
  5 yaks (Lair:1)
  2 basilisks
  6 vampire mosquitoes (D:12)
  2 wargs (D:12)
  Menkaure (D:6)
  An acid dragon (D:13)
  4 water moccasins
  Duvessa (D:6)
  3 orc warriors
  An ice beast (D:5)
  A sky beast (D:7)
  2 black bears
  7 wolves
  9 ogres
  3 centaurs
  Blork the orc (D:4)
  5 kobold brigands
  A necrophage (D:7)
  6 bullfrogs
  4 scorpions
  4 wights (D:7)
  Dowan (D:6)
  14 killer bees
  An electric eel (D:8)
  6 howler monkeys
  2 hounds
  A jelly (D:8)
  An orc priest (D:7)
  2 gnoll boudas
  7 iguanas
  Natasha (twice) (D:4)
  14 orc wizards
  2 hell rats (D:9)
  8 gnolls
  8 adders
  A river rat (D:9)
  2 shadow imps (D:7)
  A white imp (D:8)
  2 ufetubi
  2 worms
  2 dart slugs
  19 orcs
  8 endoplasms
  7 giant cockroaches
  4 goblins
  5 hobgoblins
  9 jackals
  9 quokkas
  13 ball pythons
  3 bats
  11 frilled lizards
  20 kobolds
  5 rats
308 creatures vanquished.

Vanquished Creatures (collateral kills)
  A komodo dragon (Lair:1)
  A yak (Lair:1)
2 creatures vanquished.

Vanquished Creatures (others)
  3 fungi (Lair:1)
  8 plants (Lair:1)
  3 toadstools (D:5)
14 creatures vanquished.

Grand Total: 324 creatures vanquished

Notes
Turn   | Place    | Note
-------+----------+-------------------------------------------
     0 | D:1      | KennySheep the Demigod Conjurer began the quest for the
                  | Orb.
     0 | D:1      | Reached XP level 1. HP: 14/14 MP: 5/5
   144 | D:1      | Reached XP level 2. HP: 6/20 MP: 1/7
   146 | D:1      | Reached skill level 1 in Translocations
   218 | D:1      | Learned a level 2 spell: Searing Ray
   695 | D:1      | You fall into a shaft and drop 1 floor!
   824 | D:2      | Reached XP level 3. HP: 13/26 MP: 8/8
  2327 | D:4      | Noticed a lemure
  2402 | D:4      | Noticed a lemure
  2403 | D:4      | Noticed Pikel
  2450 | D:4      | Noticed a scorpion
  2491 | D:4      | Noticed a lemure
  2505 | D:4      | Noticed a black bear
  2533 | D:4      | Noticed Natasha
  2539 | D:4      | Killed Natasha
  2540 | D:4      | Reached XP level 4. HP: 25/33 MP: 10/10
  2574 | D:4      | Killed Pikel
  2575 | D:4      | Reached skill level 5 in Conjurations
  2575 | D:4      | Reached XP level 5. HP: 20/38 MP: 0/12
  2575 | D:4      | Reached XP level 6. HP: 24/45 MP: 0/13
  2920 | D:4      | Found a staircase to the Ecumenical Temple.
  2945 | D:4      | Reached XP level 7. HP: 50/50 MP: 15/15
  2951 | D:4      | Learned a level 4 spell: Iskenderun's Mystic Blast
  2955 | D:4      | Learned a level 3 spell: Vhi's Electric Charge
  3126 | D:4      | Reached skill level 1 in Air Magic
  3209 | D:4      | Noticed Natasha
  3211 | D:4      | Killed Natasha
  3246 | D:4      | Noticed Blork the orc
  3253 | D:4      | Killed Blork the orc
  3712 | D:5      | Entered Level 5 of the Dungeon
  3739 | D:5      | Reached skill level 5 in Translocations
  3814 | D:5      | Found Anloffik's Magic Scroll Boutique.
  3836 | D:5      | Bought a scroll of silence for 123 gold pieces
  3836 | D:5      | Bought a scroll of amnesia for 52 gold pieces
  3936 | D:5      | Found Ugheh's Jewellery Boutique.
  3969 | D:5      | Found a glowing drain.
  3984 | Sewer    | Entered a sewer
  4105 | Sewer    | Reached XP level 8. HP: 57/57 MP: 17/17
  4568 | Sewer    | Identified the +1 robe "Weukluso" {Dex+4}
  4632 | D:5      | Found Wysh's Weapon Shop.
  4775 | D:5      | Found a large runed translucent door.
  4777 | D:5      | Found a large runed translucent door.
  4793 | D:5      | Found Beyhail's Jewellery Shoppe.
  4800 | D:5      | Learned a level 5 spell: Lightning Bolt
  4815 | D:5      | Found Laxkepn's Assorted Antiques.
  4841 | D:5      | Bought a murky clear potion for 30 gold pieces
  4841 | D:5      | Bought a potion of heal wounds for 170 gold pieces
  5583 | D:6      | Noticed Menkaure
  5591 | D:6      | Killed Menkaure
  5672 | D:6      | Identified the +2 rapier of Success {freeze, rElec MP+9
                  | Int-4 Dex-5}
  5904 | D:6      | Noticed Eustachio
  5914 | D:6      | Killed Eustachio
  5915 | D:6      | Reached skill level 1 in Fighting
  6104 | D:6      | Reached skill level 1 in Ice Magic
  6234 | D:6      | Reached XP level 9. HP: 64/64 MP: 19/19
  6264 | D:6      | Noticed Duvessa
  6265 | D:6      | Noticed Dowan
  6273 | D:6      | Killed Dowan
  6274 | D:6      | Reached skill level 5 in Air Magic
  6280 | D:6      | Killed Duvessa
  6671 | D:7      | Gained mutation: You have sharp toenails. [potion of
                  | mutation]
  6671 | D:7      | Gained mutation: You are weak. (Str -2) [potion of
                  | mutation]
  6764 | D:7      | Reached skill level 5 in Spellcasting
  7340 | D:7      | Learned a level 3 spell: Ozocubu's Armour
  7796 | D:8      | Found Foruofem's Lightly-Used Armoury.
  7801 | D:8      | Bought a -1 quick blade for 140 gold pieces
  8058 | D:8      | Noticed a two-headed ogre
  8070 | D:8      | Killed a two-headed ogre
  8266 | D:8      | Reached XP level 10. HP: 67/77 MP: 22/22
  9427 | D:9      | Noticed a death yak
  9431 | D:9      | Noticed a death yak
  9431 | D:9      | Noticed a death yak
  9432 | D:9      | Found a staircase to the Lair.
  9656 | Lair:1   | Entered Level 1 of the Lair of Beasts
  9720 | Lair:1   | Reached skill level 1 in Short Blades
  9827 | Lair:1   | Noticed a black mamba
  9832 | Lair:1   | Killed a black mamba
 10450 | D:10     | Entered Level 10 of the Dungeon
 10596 | D:10     | Learned a level 3 spell: Hailstorm
 10642 | D:10     | Noticed Psyche
 10657 | D:10     | Reached XP level 11. HP: 84/84 MP: 22/24
 10788 | D:10     | Paralysed by a hornet for 1 turns
 10951 | D:10     | Noticed Grum
 10967 | D:10     | Killed Grum
 11208 | D:10     | Killed Psyche
 11288 | D:10     | Noticed a two-headed ogre
 11298 | D:10     | Killed a two-headed ogre
 11430 | D:11     | Noticed a two-headed ogre
 11432 | D:11     | Noticed Nergalle
 11439 | D:11     | Killed a two-headed ogre
 11444 | D:11     | Killed Nergalle
 11653 | D:11     | Noticed a two-headed ogre
 11659 | D:11     | Killed a two-headed ogre
 12479 | D:11     | Noticed a boulder beetle
 12487 | D:11     | Killed a boulder beetle
 12829 | D:12     | Reached skill level 5 in Ice Magic
 12931 | D:12     | Found a staircase to the Orcish Mines.
 12949 | D:12     | Reached skill level 5 in Fighting
 12949 | D:12     | Reached skill level 5 in Dodging
 13189 | D:12     | Noticed a boulder beetle
 13216 | D:12     | Killed a boulder beetle
 13413 | D:12     | Identified a scroll of acquirement
 13419 | D:12     | Acquired a staff of cold
 13770 | D:12     | Reached skill level 1 in Staves
 13776 | D:12     | Reached skill level 1 in Evocations
 14261 | D:13     | Reached XP level 12. HP: 87/94 MP: 27/27
 14437 | D:13     | Noticed a vault guard
 14442 | D:13     | Noticed a boulder beetle
 14466 | D:13     | Killed a boulder beetle
 14715 | D:13     | Noticed a vault guard
 14737 | D:13     | Noticed Lodul
 14738 | D:13     | Found the amulet of Vitality {RegenMP++ Regen++}
 14745 | D:13     | Killed Lodul
 14986 | D:13     | Noticed a centaur warrior
 15001 | D:13     | Shot with an arrow by a centaur warrior

Illustrated notes

Levels and vault maps discovered:
D:1:      sevenhm_arrival_forest_fort_small_6, layout_basic, minmay_tetromino_i4
D:2:      minmay_door_path, layout_rooms, basic_altar,
          shapermc_ecumenical_altar_gd
D:3:      layout_rooms, nicolae_eternal_life, roderic_nine_men_s_morris
D:4:      layout_loops_ring, mainiacjoe_overflow_surrounded_room,
          nicolae_qazlal_eye_of_the_storm, marbit_many_paths,
          minmay_temple_entry_mist, uniq_pikel, uniq_natasha, uniq_blork_the_orc
D:5:      cheibrodos_helix_gallery, layout_cave_pools, kennysheep_mini,
          jmf_multi_god_temple2, portal_sewer_entry_f, serial_shops,
          shop_fountains, nicolae_diamond_shop, shop, nicolae_shop_hallway_plus,
          nicolae_shop_bloodbath_and_beyond, minmay_gold_behind_fungi,
          grunt_decor_cap
D:6:      layout_basic, uniq_menkaure, uniq_duvessa, uniq_eustachio
D:7:      layout_loops_cross, minivault_1, st_stairs_6
D:8:      minmay_flawed_box, layout_loops_corners,
          nicolae_overflow_hidden_temple, hangedman_decor_diamond_cutter,
          kennysheep_cluttered_room, minmay_shop_damaged,
          palyth_stone_intersect, grunt_ministairs_15
D:9:      layout_gridville, dpeg_lair_monsters
D:10:     layout_rooms, mainiacjoe_overflow_catwalk, uniq_grum, uniq_psyche
D:11:     layout_grid_maze, uniq_nergalle
D:12:     layout_gridville, minmay_orc_entry_guard_dogs,
          nicolae_uskayaw_dance_hall
D:13:     layout_basic, grunt_vaults_entry_fortified, uniq_lodul
Lair:1:   layout_cave_pods, lemuel_fruit_tree, grunt_megastairs_2,
          serial_bayou_shore_a

Skill      XL: |  1  2  3  4  5  6  7  8  9 10 11 12 |
---------------+-------------------------------------+-----
Translocations | 1 2 4 5 6 7 8 |  8.0
Spellcasting   | 2 3 4 5 6 7 |  7.8
Conjurations   | 4 5 6 7 8 |  8.0
Air Magic      | 3 4 6 7 8 |  8.0
Fighting       | 1 3 4 5 |  5.8
Dodging        | 2 3 5 |  5.9
Ice Magic      | 1 2 3 5 6 |  6.8
Short Blades   | 2 3 |  3.7
Staves         | 1 2 |  2.6
Evocations     | 1 2 |  2.6
Stealth        | |  1.7

Action                   |  1- 3 |  4- 6 |  7- 9 | 10-12 || total
-------------------------+-------+-------+-------+-------++-------
Melee: Dagger            |    10 |       |    11 |    59 ||    80
       Quick blade       |       |       |     5 |       ||     5
       Kick              |       |       |     3 |    16 ||    19
       Staff             |       |       |       |     2 ||     2
 Cast: Magic Dart        |   101 |    16 |    91 |     9 ||   217
       Searing Ray       |     4 |     6 |    21 |     2 ||    33
       Iskenderun's Myst |       |       |    78 |   189 ||   267
       Ozocubu's Armour  |       |       |       |     3 ||     3
       Lightning Bolt    |       |       |       |     4 ||     4
       Vhi's Electric Ch |       |       |       |     1 ||     1
       Hailstorm         |       |       |       |    19 ||    19
  Use: Potion            |     1 |     1 |     6 |     4 ||    12
       Scroll            |     4 |     3 |     8 |    17 ||    32
Armor: Robe              |     2 |     1 |    19 |    36 ||    58
Dodge: Dodged            |    20 |     6 |    37 |    83 ||   146
Block: Other             |       |       |    21 |    24 ||    45
       Reflection        |       |       |     1 |    11 ||    12
       Orb               |       |       |       |     7 ||     7

Table legend: (Time is in decaauts)
 A = Elapsed time spent in this place.
 B = Non-inter-level travel time spent in this place.
 C = Inter-level travel time spent in this place.
 D = Time resting spent in this place.
 E = Time spent auto-exploring this place.
 F = Levels seen in this place.
 G = Mean time per level.
                   A        B        C        D        E       F      G
               +--------+--------+--------+--------+--------+-----+--------+
         Total |  15001 |  14517 |    484 |   3925 |   8203 |  15 | 1000.1 |
       Dungeon |  13800 |  13341 |    459 |   3479 |   7743 |  13 | 1061.5 |
          Lair |    562 |    537 |     25 |    258 |    133 |   1 |  562.0 |
         Sewer |    638 |    638 |      0 |    188 |    327 |   1 |  638.0 |
               +--------+--------+--------+--------+--------+-----+--------+

Top non-repeatable levels by time:
    D:12: 1493 daAuts
     D:8: 1441 daAuts
    D:11: 1350 daAuts
     D:7: 1298 daAuts
     D:4: 1286 daAuts
     D:5: 1172 daAuts
     D:6: 988 daAuts
     D:2: 959 daAuts
    D:10: 817 daAuts
    D:13: 778 daAuts
     D:3: 769 daAuts
     D:9: 750 daAuts
     D:1: 694 daAuts
   Sewer: 638 daAuts
  Lair:1: 562 daAuts
